cohdb
Replays
Latest Replays
All Replays
Popular Replays
Top Player Replays
Match Explorer
How It Works
Community
CoH3 Stats
Reddit
Sign in to upload your games and track your stats! →
Sign in with Steam
Match 44476500
Unlisted
Match 44476500
Overview
Messages
Build Orders
End
250 Light Carrier
Selects Italian Infantry
Panzergrenadier Squad
Panzergrenadier Squad
Panzerpioneer Squad
Construct Light Support Kompanie
Selects Guastatori Squad
Selects L6/40 Light Tank Combat Group
L6/40 Light Tank Combat Group
2.5-tonne Medical Truck
Fire Support Elements
Selects Sound the Alarm
Pak 38 Mechanized Group
Vehicle Survival Package
Advanced Field Repairs
2.5-tonne Medical Truck
Selects Prepared Positions
Construct Mechanized Kompanie
18-tonne Recovery Half-track
Pak 38 Mechanized Group
伊卡洛斯
Alex Caesar
DerPropper
Arturokq
0
0
Comments
sign in to comment!
No comments posted yet!